 Dungeon Crawl Stone Soup version 0.29.1-1-gd02db69 (webtiles) character file.

Game seed: 12378600219089572628

53 Nurgordie the Caller (level 3, -2/26 HPs)
             Began as a Hill Orc Summoner on Nov 17, 2022.
             Slain by an adder (4 damage)
             ... on level 2 of the Dungeon.
             The game lasted 00:07:34 (2493 turns).

Nurgordie the Caller (Hill Orc Summoner)            Turns: 2493, Time: 00:07:35

Health: -2/26      AC:  2    Str: 10    XL:     3   Next: 87%
Magic:  5/6        EV: 12    Int: 17    God:
Gold:   52         SH:  0    Dex: 11    Spells: 0/6 levels left

rFire   . . .      SeeInvis .   (no weapon)
rCold   . . .      Faith    .   (no shield)
rNeg    . . .      Spirit   .   a - +0 robe
rPois   .          Reflect  .   (no helmet)
rElec   .          Harm     .   (no cloak)
rCorr   .          Rampage  .   (no gloves)
Will    .....                   (no boots)
Stlth   ++........              (no amulet)
HPRegen 0.08/turn               (no ring)
MPRegen 0.10/turn               (no ring)

@: no status effects
A: no striking features
a: no special abilities


You were on level 2 of the Dungeon.
You visited 1 branch of the dungeon, and saw 2 of its levels.

You collected 52 gold pieces.

Inventory:

Missiles
 f - 5 poisoned darts
Armour
 a - a +0 robe (worn)
Scrolls
 c - 3 scrolls of teleportation
 d - a scroll of identify
 i - a scroll of immolation
 k - a scroll of brand weapon {unknown}
Potions
 b - a potion of magic
 e - a potion of curing
 g - a potion of resistance {unknown}
 h - a potion of experience {unknown}
 j - a potion of berserk rage {unknown}


   Skills:
 + Level 0.2 Fighting
 + Level 1.8 Dodging
 + Level 1.6 Stealth
 + Level 0.4 Unarmed Combat
 + Level 2.2 Spellcasting
 + Level 4.6 Summonings


You couldn't memorise any spells.
You knew the following spells:

 Your Spells              Type           Power      Damage    Failure   Level
a - Summon Small Mammal   Summ           68%        N/A       2%          1
b - Summon Guardian Gole  Hex/Summ       9%         N/A       22%         3
c - Call Imp              Summ           17%        N/A       4%          2

Your spell library contained the following spells:

 Spells                   Type           Power      Damage    Failure   Level
 Call Canine Familiar     Summ           17%        N/A       9%          3
 Apportation              Tloc           2%         N/A       19%         1
 Necrotise                Necr           4%         1d4       19%         1
 Dazzling Flash           Conj/Hex       2%         N/A       50%         3
 Summon Lightning Spire   Summ/Air       9%         N/A       58%         4
 Iskenderun's Mystic Bla  Conj/Tloc      1%         2d3       88%         4
 Starburst                Conj/Fire      0%         6d3       100%        6


Dungeon Overview and Level Annotations

Branches:
Dungeon (2/15)

Altars:


Message History

The adder attacks as you move away! The adder bites you.
* * * LOW HITPOINT WARNING * * *
x2 You feel sick.
The adder barely misses you.
It was a potion of curing.
You feel better. The adder barely misses you.
The adder attacks as you move away! The adder closely misses you.
The adder bites you but does no damage. The adder attacks as you move away!
The adder bites you.
Casting: Summon Small Mammal (safe; 2% risk of failure)
Confirm with . or Enter, or press ? or * to list all spells.
The spell is extremely dangerous to miscast (22% risk of failure)!
Continue anyway?
A guardian golem appears, shielding your allies.
The adder barely misses you. The adder attacks as you move away!
The adder closely misses you. The adder barely misses you.
The adder attacks as you move away! The adder bites you but does no damage.
The adder barely misses you. The adder attacks as you move away!
The adder closely misses you. The adder closely misses you.
The adder attacks as you move away! The adder bites you.
* * * LOW HITPOINT WARNING * * *
The adder attacks as you move away! The adder closely misses you.
The adder barely misses you.
You hit the adder.
The adder is heavily wounded.
The adder bites you.
* * * LOW HITPOINT WARNING * * *
You are poisoned.
The adder poisons you!
You feel sick. The adder barely misses you. x2
You feel sick.
You feel sick.
You see here a bat corpse.
You feel sick.
Your guardian golem disappears in a puff of smoke!
The adder misses you.
You feel sick.
You are no longer poisoned.
The adder bites you but does no damage. The adder bites you.
You die...

#......#.... #.......
#.##.###.###.##########.......
#..#..........................
##.####.####.##...............
#..........).......##..######
#####......††.#####.#...#..###
............................>#
#####..........#.###.#..#..#.#
....#..........S@.......####.#
###.#.##.....###.#.####...##.#
#...##.....# #.#.#.........#
##..##.....# #.#....#.#.##.#
##.##.....# #.#.#..# #.##.#
#.##.....# #.# #..###.##.#
#.##.....###.###......##.#
#.##.............#######.#
#..###.#####.#.### #.#


You could see an adder.

Vanquished Creatures
  2 goblins
  A hobgoblin (D:1)
  A jackal (D:1)
  A frilled lizard (D:1)
  A rat (D:1)
6 creatures vanquished.

Vanquished Creatures (collateral kills)
  A worm (D:2)
  2 dart slugs (D:2)
  4 bats
  6 endoplasms
  2 giant cockroaches
  4 goblins
  A hobgoblin (D:1)
  6 jackals
  2 kobolds (D:1)
  2 quokkas (D:2)
  A ball python (D:1)
  A frilled lizard (D:1)
  A rat (D:2)
33 creatures vanquished.

Grand Total: 39 creatures vanquished

Notes
Turn   | Place    | Note
-------+----------+-------------------------------------------
     0 | D:1      | Nurgordie the Hill Orc Summoner began the quest for the
                  | Orb.
     0 | D:1      | Reached XP level 1. HP: 14/14 MP: 3/3
   214 | D:1      | Reached XP level 2. HP: 15/20 MP: 2/4
   300 | D:1      | Found a faded altar of an unknown god.
  1206 | D:1      | Reached XP level 3. HP: 26/26 MP: 2/6
  1581 | D:2      | Learned a level 3 spell: Summon Guardian Golem
  1750 | D:1      | Learned a level 2 spell: Call Imp
  2493 | D:2      | Slain by an adder

Illustrated notes

Levels and vault maps discovered:
D:1:      scummos_arrival_checkerplants, layout_basic,
          chequers_ecumenical_altar_simple, minmay_misc_feat_roman
D:2:      layout_basic, uniq_robin

Skill      XL: |  1  2 |
---------------+-------+-----
Spellcasting   | 2 |  2.2
Fighting       | |  0.2
Dodging        | |  1.8
Stealth        | |  1.6
Unarmed Combat | |  0.4
Summonings     | |  4.6

Action                   || total
-------------------------++-------
Melee: Unarmed           ||    70
 Cast: Summon Small Mamm ||    45
       Call Imp          ||     2
       Summon Guardian G ||     2
  Use: Scroll            ||     2
       Potion            ||     1
Armor: Robe              ||    26
Dodge: Dodged            ||   100
